[ AOE2 MATCH · #506610142 ]
UnrankedDravidians vs Japanese
Player's team · WIN
Rival team · LOSS
[ REPLAY ANALYSIS · EXTRACTED FROM THE RECORDED GAME ]
Feudal
9:15
Castle
22:25
Imperial
36:37
| APM avg | 50.2 |
| APM peak | 122 |
| eAPM avg | 24.8 |
| Villagers / military | 157 / 483 |
Focus
⚔️ 40.6% · 🌾 59.4%
Militia ×172 · Elephant Archer ×125 · Skirmisher ×106 · Archer ×20 · Spearman ×17 · Mangonel ×12
Feudal
10:31
Castle
19:53
Imperial
39:20
| APM avg | 59.7 |
| APM peak | 119 |
| eAPM avg | 32.7 |
| Villagers / military | 273 / 705 |
Focus
⚔️ 46.7% · 🌾 53.3%
Skirmisher ×392 · Cavalry Archer ×97 · Scout Cavalry ×77 · Archer ×55 · Hand Cannoneer ×46 · Samurai ×12
Match map
Initial resources + every placement click. Lines = walls · curves = elevation contours. ◆ gold · ⬟ stone · ● berries · ✦ relic · ◌ wall gap
Your base· Open — 1t gap
only_konevod's base· Open — 1t gap
Smoothed initial terrain · ◌ = detected wall gap · hover for details
Inputs per minute
— boanaan - - only_konevod
Build order — boanaan
First 150 of 599 actions detected
| 0:00 | Create | Villager (Male) |
| 0:02 | Build | House |
| 0:04 | Build | House |
| 0:07 | Create | Villager (Male) |
| 0:08 | Create | Villager (Male) |
| 0:08 | Create | Villager (Male) |
| 1:23 | Create | Villager (Male) |
| 1:56 | Build | Lumber Camp |
| 1:58 | Create | Villager (Male) |
| 2:22 | Create | Villager (Male) |
| 2:54 | Create | Villager (Male) |
| 2:54 | Create | Villager (Male) |
| 3:45 | Create | Villager (Male) |
| 4:01 | Create | Villager (Male) |
| 4:09 | Build | House |
| 4:27 | Create | Villager (Male) |
| 4:41 | Build | Mill |
| 4:49 | Create | Villager (Male) |
| 5:18 | Create | Villager (Male) |
| 5:45 | Create | Villager (Male) |
| 6:05 | Create | Villager (Male) |
| 6:26 | Build | Barracks |
| 6:35 | Research | Loom |
| 6:51 | Research | Feudal Age |
| 7:01 | Build | House |
| 7:21 | Create | Militia |
| 7:21 | Create | Militia |
| 7:40 | Build | Mining Camp |
| 7:42 | Build | Palisade Wall |
| 7:45 | Build | Palisade Wall |
| 7:53 | Build | Palisade Wall |
| 8:27 | Create | Militia |
| 8:34 | Build | Lumber Camp |
| 8:42 | Create | Villager (Male) |
| 9:15 | Age | Feudal Age |
| 9:16 | Research | Man-at-Arms (upgrade) |
| 9:20 | Research | Double-Bit Axe |
| 9:28 | Build | Archery Range |
| 9:29 | Create | Villager (Male) |
| 9:31 | Research | Horse Collar |
| 9:56 | Create | Villager (Male) |
| 10:11 | Build | House |
| 10:13 | Build | House |
| 10:21 | Create | Villager (Male) |
| 10:44 | Build | Blacksmith |
| 10:48 | Create | Villager (Male) |
| 10:54 | Build | Farm |
| 10:55 | Create | Skirmisher |
| 11:18 | Build | Farm |
| 11:28 | Create | Skirmisher |
| 11:30 | Create | Villager (Male) |
| 11:39 | Build | Archery Range |
| 11:49 | Create | Villager (Male) |
| 12:05 | Build | Palisade Wall |
| 12:15 | Create | Archer |
| 12:16 | Research | Fletching |
| 12:31 | Build | Palisade Wall |
| 12:37 | Create | Villager (Male) |
| 12:41 | Build | Farm |
| 12:43 | Create | Skirmisher |
| 12:51 | Create | Archer |
| 12:55 | Create | Villager (Male) |
| 12:58 | Build | House |
| 12:59 | Build | House |
| 13:00 | Build | House |
| 13:04 | Build | Farm |
| 13:10 | Create | Skirmisher |
| 13:26 | Create | Villager (Male) |
| 13:29 | Create | Skirmisher |
| 13:36 | Build | Farm |
| 13:46 | Create | Skirmisher |
| 13:48 | Create | Villager (Male) |
| 13:58 | Create | Villager (Male) |
| 14:03 | Build | Farm |
| 14:07 | Build | Farm |
| 14:15 | Create | Skirmisher |
| 14:18 | Create | Skirmisher |
| 14:36 | Create | Skirmisher |
| 14:37 | Create | Villager (Male) |
| 14:38 | Create | Villager (Male) |
| 14:47 | Build | Farm |
| 14:51 | Build | Farm |
| 14:54 | Create | Skirmisher |
| 15:02 | Create | Villager (Male) |
| 15:16 | Create | Villager (Male) |
| 15:19 | Create | Skirmisher |
| 15:21 | Build | Farm |
| 15:24 | Create | Archer |
| 15:35 | Build | Farm |
| 15:52 | Create | Archer |
| 15:52 | Create | Archer |
| 15:54 | Build | Farm |
| 16:12 | Create | Villager (Male) |
| 16:14 | Build | Farm |
| 16:16 | Build | Farm |
| 16:33 | Build | House |
| 16:38 | Create | Villager (Male) |
| 16:51 | Research | Wheelbarrow |
| 17:02 | Build | Farm |
| 17:04 | Build | Farm |
| 17:48 | Create | Villager (Male) |
| 17:50 | Build | House |
| 17:51 | Build | House |
| 18:45 | Create | Villager (Male) |
| 19:20 | Create | Villager (Male) |
| 19:39 | Research | Castle Age |
| 19:43 | Build | Archery Range |
| 19:46 | Create | Skirmisher |
| 19:46 | Create | Skirmisher |
| 19:55 | Research | Gold Mining |
| 20:00 | Create | Skirmisher |
| 20:10 | Create | Skirmisher |
| 20:20 | Build | Lumber Camp |
| 20:30 | Build | Farm |
| 20:32 | Build | Farm |
| 20:44 | Create | Skirmisher |
| 20:44 | Create | Skirmisher |
| 20:44 | Create | Skirmisher |
| 20:57 | Create | Spearman |
| 20:57 | Create | Spearman |
| 21:14 | Create | Skirmisher |
| 21:14 | Create | Skirmisher |
| 21:28 | Create | Spearman |
| 21:31 | Create | Spearman |
| 21:33 | Create | Skirmisher |
| 21:33 | Create | Skirmisher |
| 21:40 | Create | Skirmisher |
| 21:43 | Create | Villager (Male) |
| 21:57 | Create | Skirmisher |
| 21:58 | Create | Skirmisher |
| 21:58 | Create | Spearman |
| 22:25 | Age | Castle Age |
| 22:28 | Research | Elite Skirmisher (upgrade) |
| 22:29 | Research | Bodkin Arrow |
| 22:35 | Create | Villager (Male) |
| 22:46 | Create | Skirmisher |
| 22:50 | Build | Town Center |
| 22:51 | Research | Bow Saw |
| 22:55 | Create | Villager (Male) |
| 23:04 | Create | Skirmisher |
| 23:05 | Create | Skirmisher |
| 23:05 | Create | Skirmisher |
| 23:06 | Create | Elephant Archer |
| 23:31 | Research | Pikeman (upgrade) |
| 23:31 | Create | Villager (Male) |
| 23:45 | Create | Villager (Male) |
| 23:55 | Create | Villager (Male) |
| 24:02 | Build | Town Center |
| 24:06 | Create | Villager (Male) |
| 24:06 | Create | Villager (Male) |
Build order — only_konevod
First 150 of 962 actions detected
| 0:00 | Create | Villager (Male) |
| 0:01 | Create | Villager (Male) |
| 0:01 | Create | Villager (Male) |
| 0:01 | Create | Villager (Male) |
| 0:01 | Create | Villager (Male) |
| 0:03 | Build | House |
| 0:04 | Build | House |
| 1:28 | Create | Villager (Male) |
| 1:29 | Create | Villager (Male) |
| 1:44 | Build | Lumber Camp |
| 1:52 | Create | Villager (Male) |
| 1:53 | Create | Villager (Male) |
| 2:21 | Create | Villager (Male) |
| 2:43 | Create | Villager (Male) |
| 2:44 | Create | Villager (Male) |
| 3:05 | Create | Villager (Male) |
| 3:39 | Create | Villager (Male) |
| 3:39 | Create | Villager (Male) |
| 3:39 | Create | Villager (Male) |
| 3:49 | Build | House |
| 4:21 | Build | Barracks |
| 4:30 | Build | House |
| 4:35 | Create | Villager (Male) |
| 4:35 | Create | Villager (Male) |
| 4:36 | Create | Villager (Male) |
| 4:49 | Build | House |
| 5:14 | Create | Militia |
| 5:14 | Create | Militia |
| 5:15 | Create | Villager (Male) |
| 5:16 | Create | Villager (Male) |
| 5:42 | Create | Villager (Male) |
| 6:08 | Create | Villager (Male) |
| 6:14 | Build | Mill |
| 6:15 | Create | Villager (Male) |
| 6:29 | Create | Villager (Male) |
| 6:45 | Create | Villager (Male) |
| 7:38 | Research | Loom |
| 8:03 | Build | Mining Camp |
| 8:11 | Research | Feudal Age |
| 8:48 | Create | Militia |
| 9:21 | Create | Militia |
| 9:23 | Create | Villager (Male) |
| 9:24 | Create | Villager (Male) |
| 9:26 | Build | House |
| 9:36 | Build | House |
| 10:02 | Create | Militia |
| 10:31 | Age | Feudal Age |
| 10:33 | Research | Man-at-Arms (upgrade) |
| 10:36 | Research | Double-Bit Axe |
| 10:38 | Build | Archery Range |
| 10:48 | Create | Villager (Male) |
| 11:06 | Build | Farm |
| 11:16 | Create | Villager (Male) |
| 11:25 | Create | Villager (Male) |
| 11:36 | Create | Archer |
| 11:37 | Create | Archer |
| 11:39 | Build | Blacksmith |
| 11:44 | Build | Farm |
| 11:48 | Build | Farm |
| 12:20 | Create | Villager (Male) |
| 12:23 | Build | Farm |
| 12:30 | Research | Fletching |
| 12:33 | Build | House |
| 12:38 | Create | Villager (Male) |
| 12:54 | Create | Villager (Male) |
| 12:56 | Build | Farm |
| 13:06 | Build | House |
| 13:22 | Create | Villager (Male) |
| 13:24 | Build | Farm |
| 13:34 | Create | Archer |
| 13:36 | Create | Villager (Male) |
| 13:45 | Build | Farm |
| 13:47 | Build | Farm |
| 13:54 | Create | Villager (Male) |
| 14:07 | Create | Skirmisher |
| 14:08 | Create | Villager (Male) |
| 14:13 | Create | Villager (Male) |
| 14:18 | Build | Farm |
| 14:23 | Build | Farm |
| 14:28 | Create | Villager (Male) |
| 14:47 | Create | Skirmisher |
| 14:47 | Create | Skirmisher |
| 14:48 | Create | Villager (Male) |
| 14:57 | Create | Villager (Male) |
| 15:00 | Build | Farm |
| 15:02 | Build | Farm |
| 15:05 | Build | Farm |
| 15:08 | Create | Villager (Male) |
| 15:30 | Create | Villager (Male) |
| 15:48 | Create | Skirmisher |
| 15:48 | Create | Skirmisher |
| 15:55 | Research | Wheelbarrow |
| 16:09 | Build | Farm |
| 16:11 | Build | Farm |
| 16:14 | Build | House |
| 16:22 | Create | Skirmisher |
| 16:53 | Research | Padded Archer Armor |
| 16:59 | Build | Stable |
| 17:08 | Research | Castle Age |
| 17:08 | Research | Castle Age |
| 17:17 | Research | Padded Archer Armor |
| 17:17 | Research | Padded Archer Armor |
| 17:32 | Create | Skirmisher |
| 17:51 | Create | Scout Cavalry |
| 17:51 | Create | Scout Cavalry |
| 17:53 | Create | Villager (Male) |
| 17:55 | Create | Skirmisher |
| 18:22 | Create | Skirmisher |
| 18:22 | Create | Skirmisher |
| 18:25 | Create | Scout Cavalry |
| 18:41 | Create | Skirmisher |
| 19:00 | Create | Villager (Male) |
| 19:02 | Create | Villager (Male) |
| 19:04 | Create | Scout Cavalry |
| 19:05 | Create | Skirmisher |
| 19:20 | Create | Scout Cavalry |
| 19:22 | Create | Skirmisher |
| 19:23 | Create | Skirmisher |
| 19:53 | Age | Castle Age |
| 19:55 | Research | Elite Skirmisher (upgrade) |
| 19:56 | Research | Leather Archer Armor |
| 19:57 | Research | Bodkin Arrow |
| 19:59 | Research | Leather Archer Armor |
| 20:01 | Create | Villager (Male) |
| 20:09 | Create | Skirmisher |
| 20:14 | Research | Light Cavalry (upgrade) |
| 20:15 | Research | Light Cavalry (upgrade) |
| 20:20 | Build | Lumber Camp |
| 20:26 | Create | Villager (Male) |
| 20:40 | Research | Bow Saw |
| 20:40 | Research | Bow Saw |
| 20:56 | Create | Villager (Male) |
| 20:56 | Create | Villager (Male) |
| 21:24 | Create | Villager (Male) |
| 21:25 | Create | Skirmisher |
| 21:25 | Create | Skirmisher |
| 21:33 | Create | Skirmisher |
| 21:40 | Create | Villager (Male) |
| 22:01 | Create | Villager (Male) |
| 22:13 | Build | Town Center |
| 22:34 | Create | Villager (Male) |
| 22:45 | Create | Skirmisher |
| 22:45 | Create | Skirmisher |
| 22:48 | Create | Villager (Male) |
| 23:15 | Build | Siege Workshop |
| 23:18 | Create | Skirmisher |
| 23:19 | Create | Skirmisher |
| 23:24 | Create | Villager (Male) |
| 23:38 | Create | Skirmisher |
| 23:41 | Create | Villager (Male) |
Match timeline
| 4:21 | only_konevod · first_building Barracks |
| 6:26 | boanaan · first_building Barracks |
| 7:42 | boanaan · wall_segment Palisade Wall x1 |
| 7:45 | boanaan · wall_segment Palisade Wall x1 |
| 7:53 | boanaan · wall_segment Palisade Wall x1 |
| 9:15 | boanaan · age_up feudal |
| 9:28 | boanaan · first_building Archery Range |
| 10:31 | only_konevod · age_up feudal |
| 10:38 | only_konevod · first_building Archery Range |
| 12:05 | boanaan · wall_segment Palisade Wall x1 |
| 12:31 | boanaan · wall_segment Palisade Wall x1 |
| 16:59 | only_konevod · first_building Stable |
| 19:53 | only_konevod · age_up castle |
| 22:25 | boanaan · age_up castle |
| 23:15 | only_konevod · first_building Siege Workshop |
| 25:55 | only_konevod · first_building Monastery |
| 26:09 | boanaan · first_building Monastery |
| 28:08 | boanaan · first_building Siege Workshop |
| 29:58 | boanaan · first_building Stable |
| 32:55 | only_konevod · first_building Castle |
| 34:54 | boanaan · first_building Castle |
| 36:03 | boanaan · first_market_sell 500 wood |
| 36:37 | boanaan · age_up imperial |
| 37:25 | only_konevod · first_market_sell 100 food |
| 39:20 | only_konevod · age_up imperial |
| 49:22 | only_konevod · first_market_buy 100 food |
| 61:52 | only_konevod · resign |
[ AI ANALYSIS · 1 CREDIT ]
What really happened in this match?
Wolo.gg analyzes every decision: build order, eco, micro, common mistakes by bracket. Personalized analysis on WhatsApp or Discord in 30 seconds.
Civ guide
Dravidians
Perfil
Jugador #23000509